Map: Oceanborn LE

Players

StarLight - Winner!

  • Race: Terran Terran
  • League: Diamond
  • Spawn Location: 5:00

Smörebröd

  • Race: Zerg Zerg
  • League: Diamond
  • Spawn Location: 11:00

VOD

Have the link to the VOD?

Description

Time

  • Played on: Sept. 2, 2024, 12:02 p.m.
  • Length: 16:34
Show
View Real Time Build Order
Export as new Build Order

StarLight Terran - Winner!

Build Orders: Liberator Opening, Reaper Expand 

Get SALT Encoding   

  12  0:01  SCV  
  13  0:16  Supply Depot  
  13  0:19  SCV  
  14  0:31  SCV  
  15  0:40  Barracks  
  15  0:43  SCV  
  15  0:48  Refinery  
  16  0:55  SCV  
  17  1:07  SCV  
  18  1:19  SCV  
  19  1:31  Reaper  
  19  1:32  Orbital Command  
  20  1:46  Command Center  
  20  1:56  Supply Depot  
  20  1:58  SCV  
  21  2:06  Marine  
  22  2:12  Factory  
  22  2:15  SCV  
  23  2:20  Refinery  
  23  2:24  Marine  
  23  2:28  SCV  
  25  2:40  SCV  
  26  2:44  Barracks Reactor  
  26  2:52  SCV  
  26  2:56  Starport  
  27  2:59  Factory Tech Lab  
  27  3:05  Orbital Command  
  27  3:14  SCV  
  28  3:26  SCV, Hellion  
  28  3:27  Hellion  
  33  3:30  Stimpack  
  33  3:31  SCV  
  34  3:38  SCV  
  34  3:40  Liberator  
  38  3:44  SCV  
  39  3:50  SCV, Hellion x2  
  39  3:55  Supply Depot  
  44  4:12  Hellion  
  44  4:16  SCV x2  
  44  4:17  Hellion  
  50  4:18  Supply Depot  
  50  4:28  SCV x2  
  52  4:42  Supply Depot  
  52  4:45  Command Center  
  52  4:47  Starport Reactor, Factory Tech Lab  
  52  4:49  Barracks x2  
  52  4:54  Marine  
  52  4:58  SCV  
  54  5:00  SCV  
  48  5:10  Combat Shield  
  48  5:12  Marine  
  46  5:18  Siege Tank  
  46  5:19  SCV x2  
  45  5:31  SCV x2  
  45  5:32  Engineering Bay x2  
  45  5:35  Medivac x2  
  51  5:45  Marine  
  51  5:46  Marine x2, Barracks Reactor  
  51  5:47  SCV x2  
  56  5:50  Siege Tank  
  56  5:51  Refinery x2  
  59  5:58  Orbital Command  
  59  5:59  SCV x2  
  59  6:03  Marine x3  
  66  6:15  Barracks x2  
  66  6:19  Terran Infantry Armor Level 1, Terran Infantry Weapons Level 1  
  66  6:20  Orbital Command  
  66  6:21  Marine x2  
  66  6:22  SCV x2  
  68  6:30  Marine x3, Supply Depot  
  71  6:34  SCV x2  
  73  6:40  Marine x2  
  73  6:46  Siege Tank, SCV x3  
  81  6:48  Marine  
  81  6:53  Marine x2  
  84  6:58  SCV x3  
  84  7:00  Medivac x2  
  91  7:03  Barracks Reactor x2  
  91  7:04  Marine x2  
  93  7:13  Supply Depot x2  
  93  7:23  Marine  
  93  7:24  SCV  
  93  7:32  Factory  
  93  7:34  SCV x2  
  93  7:36  SCV  
  96  7:38  Supply Depot  
  96  7:39  Supply Depot, Armory  
  96  7:40  Marine x5  
  96  7:41  Marine x2  
  96  7:42  Medivac x2  
  107  7:47  SCV  
  108  7:55  Marine  
  109  7:59  Marine, Siege Tank  
  109  8:01  Marine x2, Supply Depot  
  109  8:02  Supply Depot  
  115  8:09  Barracks  
  115  8:10  Barracks x2  
  115  8:12  Marine x4  
  117  8:19  Marine x2  
  120  8:20  Marine x3, SCV  
  120  8:23  SCV x2, Refinery  
  120  8:24  Refinery  
  127  8:31  Terran Infantry Weapons Level 2, Terran Infantry Armor Level 2  
  127  8:32  Terran Vehicle Weapons Level 1  
  127  8:33  SCV  
  127  8:34  Factory Tech Lab  
  128  8:35  SCV x2  
  128  8:40  Bunker  
  130  8:42  Supply Depot  
  130  8:45  SCV  
  114  8:58  Marine x2  
  114  8:59  Marine x3, Barracks Tech Lab x2  
  114  9:00  Marine x3, Barracks Tech Lab  
  114  9:01  Siege Tank x2  
  114  9:02  SCV  
  129  9:03  SCV  
  130  9:10  Command Center  
  130  9:19  Concussive Shells  
  130  9:21  Marauder x4  
  138  9:26  Marine, SCV x2  
  138  9:27  Marine x2, SCV  
  142  9:33  Marine x3  
  142  9:35  Medivac x2  
  149  9:42  Supply Depot x2  
  149  9:45  Missile Turret  
  149  9:48  Missile Turret  
  149  9:49  Missile Turret  
  149  9:52  Missile Turret x2  
  149  9:56  Missile Turret  
  149  9:57  Sensor Tower  
  149  10:03  Marine x2, SCV, Marauder  
  149  10:04  Marauder  
  156  10:19  Marine  
  156  10:20  Marine, Marauder x2  
  156  10:21  Siege Tank  
  165  10:22  Medivac x2  
  169  10:31  Command Center  
  169  10:36  SCV x3  
  169  10:39  Missile Turret x2  
  169  10:42  Sensor Tower  
  172  10:43  Ghost Academy  
  172  10:48  SCV x3  
  172  10:49  Marine x2  
  175  10:50  Marauder  
  175  11:06  Marine x3  
  177  11:21  Personal Cloaking  
  177  11:25  Barracks  
  177  11:26  Barracks  
  177  11:27  Barracks  
  177  11:29  Fusion Core  
  177  11:30  Starport  
  177  11:33  Siege Tank  
  180  11:43  Siege Tank  
  171  12:04  Ghost x4  
  137  12:18  Marine x3  
  137  12:21  Planetary Fortress  
  137  12:22  Marine x2  
  135  12:30  Planetary Fortress  
  135  12:31  Caduceus Reactor  
  135  12:32  Ghost  
  135  12:33  Ghost, Refinery x2  
  135  12:34  Command Center, Marauder  
  135  12:37  Barracks Tech Lab x3  
  141  12:40  Starport Reactor  
  141  12:42  Marine x4  
  141  12:43  Marauder  
  147  12:58  Supply Depot x2  
  136  13:28  Marine x2, Advanced Ballistics  
  136  13:29  Marauder  
  136  13:32  Command Center  
  136  13:33  Command Center  
  138  13:36  SCV x4, Ghost x3  
  138  13:37  Marine x2  
  138  13:38  Marauder  
  138  13:40  Liberator x4  
  164  13:46  Nuke  
  164  13:48  SCV  
  165  13:57  Ghost Academy  
  165  13:59  Sensor Tower, Ghost Academy x2  
  165  14:00  Ghost Academy  
  165  14:03  SCV x4  
  169  14:14  Ghost x2  
  169  14:15  Marine x4, SCV x4  
  169  14:16  Marine  
  182  14:29  Nuke  
  182  14:30  Nuke  
  182  14:45  Nuke x2  
  182  14:48  Orbital Command, Command Center  
  133  15:31  Supply Depot  
  133  15:34  SCV x5, Supply Depot  
  131  15:46  SCV  
  131  15:49  Marine x2, Ghost x2  
  136  15:50  Marine x5, Marauder x2  
  136  15:51  Marine x4  
Show
View Real Time Build Order
Export as new Build Order

Smörebröd Zerg 

Build Orders: Hatch First 

Get SALT Encoding   

  12  0:00  Drone  
  13  0:12  Overlord  
  13  0:17  Drone  
  14  0:30  Drone x2  
  16  0:40  Drone  
  17  0:52  Hatchery  
  16  0:59  Drone x2  
  18  1:13  Extractor  
  18  1:15  Spawning Pool  
  18  1:17  Drone  
  18  1:32  Drone  
  18  1:33  Extractor  
  18  1:48  Overlord  
  18  2:04  Queen x2  
  18  2:06  Zergling x4  
  24  2:09  Drone  
  24  2:14  Drone  
  26  2:19  Drone  
  27  2:30  Drone x2  
  29  2:39  Drone, Overlord  
  30  2:55  Drone x3  
  33  3:03  Drone  
  33  3:05  Queen  
  36  3:06  Hatchery  
  35  3:13  Queen  
  35  3:17  Drone x2  
  39  3:23  Drone x2  
  39  3:26  Metabolic Boost  
  41  3:36  Overlord  
  41  3:39  Zergling x4  
  43  3:41  Drone  
  43  3:44  Overlord  
  44  3:58  Drone x8  
  52  4:04  Spore Crawler  
  51  4:25  Queen  
  51  4:26  Roach Warren, Drone x10  
  62  4:43  Overlord x2  
  62  4:47  Queen  
  62  4:49  Extractor  
  62  4:50  Extractor  
  62  4:52  Spore Crawler  
  61  5:00  Zergling x10  
  54  5:23  Drone x13  
  67  5:32  Overlord  
  67  5:40  Lair  
  67  5:44  Drone, Extractor  
  67  5:45  Drone x2  
  67  5:46  Drone x3  
  67  5:48  Zergling x4  
  74  6:02  Roach x7  
  88  6:19  Extractor  
  88  6:23  Queen  
  89  6:29  Hatchery  
  89  6:30  Zergling x2  
  89  6:32  Extractor x2  
  87  6:50  Baneling Nest  
  86  6:55  Drone x3  
  86  6:57  Drone, Extractor  
  86  6:58  Overlord x4  
  89  7:16  Infestation Pit  
  89  7:19  Glial Reconstitution  
  87  7:24  Zergling x4  
  89  7:42  Zergling x2  
  89  7:43  Zergling x36  
  108  7:44  Centrifugal Hooks  
  108  7:53  Hive  
  108  7:58  Overlord x2  
  106  7:59  Drone x3  
  106  8:03  Extractor, Baneling x11, Hatchery  
  107  8:06  Extractor  
  106  8:20  Overlord  
  106  8:24  Drone x13  
  119  8:33  Ravager x7, Evolution Chamber  
  125  8:35  Evolution Chamber  
  125  8:39  Spore Crawler  
  125  8:40  Drone x5  
  128  8:41  Spine Crawler  
  128  8:42  Drone x6  
  101  8:55  Zergling x8  
  101  8:56  Zergling x4  
  101  9:02  Zergling x4  
  106  9:08  Zergling x18  
  106  9:09  Zergling x4  
  117  9:15  Baneling x10  
  117  9:16  Zergling x4  
  119  9:18  Queen  
  119  9:20  Zergling x6  
  124  9:38  Ultralisk Cavern  
  123  9:46  Overlord  
  123  9:50  Zergling x32  
  139  9:57  Adrenal Glands  
  139  10:00  Zerg Ground Armor Level 1, Zerg Melee Weapons Level 1  
  137  10:16  Overlord  
  137  10:17  Overlord x4  
  139  10:21  Roach x2  
  139  10:25  Overlord x3  
  139  10:34  Chitinous Plating  
  139  10:36  Ultralisk x2  
  139  10:37  Ultralisk  
  157  10:49  Drone x2  
  157  10:52  Roach  
  163  11:06  Ultralisk x2  
  161  11:20  Ultralisk x3, Zergling x8  
  161  11:21  Zergling x2  
  182  11:30  Queen  
  184  11:36  Drone x2  
  184  11:37  Drone  
  187  11:41  Spore Crawler  
  187  11:45  Drone x4  
  190  11:47  Overlord  
  190  11:53  Anabolic Synthesis  
  190  11:54  Extractor  
  190  11:55  Hatchery  
  190  11:57  Extractor  
  157  12:02  Ultralisk, Zergling x2  
  157  12:03  Zergling x10  
  157  12:04  Zergling x2  
  157  12:08  Zergling x6  
  164  12:09  Zergling x2  
  164  12:15  Zergling x10  
  150  12:16  Zergling x2  
  152  12:23  Zergling x12  
  152  12:29  Zergling x4  
  155  12:30  Zergling x8  
  158  12:54  Ultralisk x2, Zergling x4, Hatchery  
  158  12:55  Zergling x2  
  172  12:59  Hydralisk Den  
  142  13:21  Ultralisk x2, Zergling x8  
  142  13:22  Zergling x6  
  116  13:30  Zergling x2, Hydralisk x2  
  116  13:31  Zergling x6  
  116  13:34  Muscular Augments  
  124  13:39  Drone x4  
  128  13:44  Zergling x2, Hydralisk  
  128  13:45  Zergling x6  
  128  13:47  Baneling x3  
  128  13:48  Baneling x3  
  134  13:58  Drone x5  
  134  14:02  Baneling x10  
  139  14:06  Zergling x12  
  145  14:14  Overseer  
  145  14:17  Zergling x2, Hydralisk  
  145  14:18  Ultralisk, Zergling x4  
  145  14:22  Hydralisk  
  145  14:23  Zergling x6  
  161  14:27  Zergling x2, Hydralisk  
  161  14:28  Zergling x4  
  161  14:29  Zergling x2  
  167  14:38  Grooved Spines  
  167  14:40  Drone x5  
  167  14:42  Zergling x2, Hydralisk  
  167  14:43  Zergling x2, Ultralisk  
  163  15:06  Hydralisk x3  
  148  15:07  Ultralisk x3, Zergling x8  
  154  15:16  Hydralisk  
  154  15:17  Ultralisk, Zergling x6  
  154  15:18  Zergling x2  
  165  15:26  Hydralisk  
  165  15:27  Ultralisk, Zergling x8  
  163  15:32  Zergling x2, Hydralisk x2  
  163  15:33  Zergling x4  
  170  15:36  Hydralisk  
  170  15:37  Zergling x6  
  159  15:44  Hydralisk  
  159  15:45  Ultralisk, Zergling x4  
  157  16:09  Zergling x2, Hydralisk x3  
  157  16:10  Zergling x8  
  180  16:11  Overseer  
  180  16:15  Overlord x2  
  149  16:29  Hatchery  
Tags
 
Add a new tag
Caveats
  • Supply blocks, unpowered buildings, or Contaminate may cause inaccurate times.
  • Supply counts are checked every 10 seconds.